 Dungeon Crawl Stone Soup version 0.25-a0-1036-g6f112fb28d (webtiles) character file.

Game seed: 7206726920911813365, levelgen mode: deterministic

15184 exofluke the Spear-Bearer (level 12, -5/99 HPs)
             Began as a Merfolk Ice Elementalist on May 13, 2020.
             Was an Elder of Dithmenos.
             Slain by a crocodile (17 damage)
             ... on level 2 of the Lair of Beasts.
             The game lasted 00:59:30 (21436 turns).

exofluke the Spear-Bearer (MfIE)                   Turns: 21436, Time: 00:59:31

Health: -5/99      AC:  8    Str: 12    XL:     12   Next: 24%
Magic:  25/28      EV: 15    Int: 16    God:    Dithmenos [****..]
Gold:   2298       SH:  0    Dex: 14    Spells: 6/21 levels left

rFire    . . .     SeeInvis +   m - +5 halberd
rCold    . . .     Gourm    .   (shield currently unavailable)
rNeg     . . .     Faith    .   b - +0 robe of Nemelex Xobeh's Pride {+Inv rPois MR+ SInv}
rPois    +         Spirit   .   w - +0 helmet
rElec    .         Reflect  .   T - scarf {repulsion}
rCorr    .         Harm     .   (no gloves)
MR       +....                  r - +0 pair of boots
Stlth    +++++++...             M - amulet of magic regeneration
HPRegen  0.26/turn              W - ring of magical power
MPRegen  0.46/turn              O - +4 ring of protection

@: very slightly contaminated, wreathed by umbra, studying 2 skills, repel
missiles
A: change form in water, swift swim, stealthy swim
a: Shadow Step, Renounce Religion, Evoke Invisibility


You were on level 2 of the Lair of Beasts.
You worshipped Dithmenos.
Dithmenos was greatly pleased with you.
You were not hungry.

You visited 3 branches of the dungeon, and saw 14 of its levels.
You also visited: Sewer and Ossuary.

You collected 3622 gold pieces.
You spent 1324 gold pieces at shops.


   Skills:
 + Level 10.7 Fighting
 + Level 12.8 Polearms
 - Level 6.0 Dodging
 - Level 10.3 Stealth
 - Level 5.0 Spellcasting
 - Level 6.0 Conjurations
 - Level 6.0 Summonings
 - Level 9.0 Ice Magic
 * Level 3.1 Invocations


You had 6 spell levels left.
You knew the following spells:

 Your Spells              Type           Power        Failure   Level  Hunger
a - Freeze                Ice            ####         1%          1    None
b - Summon Ice Beast      Ice/Summ       ####....     7%          4    ####...
o - Ozocubu's Armour      Chrm/Ice       ###.....     7%          3    ###....
X - Frozen Ramparts       Ice            ####..       1%          3    ###....
Y - Hailstorm             Conj/Ice       ####....     7%          4    ####...

Your spell library contained the following spells:

 Spells                   Type           Power        Failure   Level  Hunger


Inventory:

Hand Weapons
 m - a +5 halberd (weapon)
 S - a +3 spear of venom
Armour
 b - the +0 robe of Nemelex Xobeh's Pride (worn) {+Inv rPois MR+ SInv}
   (You found it on level 7 of the Dungeon)

   It protects you from poison.
   It affects your resistance to hostile enchantments.
   It lets you see invisible.
   It lets you turn invisible.
 c - a +2 robe of magic resistance
 r - a +0 pair of boots (worn)
 w - a +0 helmet (worn)
 T - a scarf of repulsion (worn)
Magical Staves
 J - an uncursed staff of conjuration {!a, unknown}
 U - an uncursed staff of wizardry {!a, unknown}
Jewellery
 p - a cursed -4 ring of protection
 M - an amulet of magic regeneration (around neck)
 O - a +4 ring of protection (right hand)
 W - a ring of magical power (left hand)
Wands
 a - a wand of acid (7)
 h - a wand of disintegration (29)
 k - a wand of flame (23)
 s - a wand of paralysis (20)
 I - a wand of polymorph (18)
Scrolls
 d - 6 scrolls of teleportation {@r4}
 j - 2 scrolls of enchant weapon
 l - a scroll of identify {@r1}
 n - 3 scrolls of magic mapping {unknown}
 t - 7 scrolls of remove curse {@r2}
 u - a scroll of enchant armour {unknown}
 x - 2 scrolls of vulnerability {unknown}
 y - 3 scrolls of random uselessness
 E - 2 scrolls of immolation {!r}
 G - 4 scrolls of fog {unknown}
Potions
 e - 2 potions of heal wounds {@q2}
 g - 2 potions of stabbing
 o - 2 potions of resistance
 q - 3 potions of ambrosia
 v - a potion of mutation {unknown}
 z - a potion of might {unknown}
 A - 2 potions of lignification {!q}
 B - a potion of degeneration {!q}
 C - 3 potions of berserk rage {!q}
 F - a potion of curing {@q1}
 K - a potion of brilliance
 V - a potion of cancellation
 X - 2 potions of magic
 Y - a potion of flight
 Z - a potion of haste {unknown}
Books
 i - a manual of Conjurations {!d}
 H - a manual of Stealth {!d}
Miscellaneous
 Q - a phial of floods
Comestibles
 D - 11 rations {@e1}

Dungeon Overview and Level Annotations

Branches:
Dungeon (11/15)            Temple (1/1) D:6            Lair (2/6) D:11
    Orc (0/2) D:9           Sewer (visited)         Ossuary (visited)
  Swamp: Lair:2-4    Shoals: Lair:2-4     Snake: Lair:2-4    Spider: Lair:2-4

Altars:
Ashenzari
Cheibriados
Dithmenos
Elyvilon
Fedhas
Gozag
Hepliaklqana
Kikubaaqudgha
Makhleb
Nemelex Xobeh
Okawaru
Qazlal
Ru
Sif Muna
Trog
Uskayaw
Vehumet
Wu Jian
Xom
Yredelemnul
Zin
The Shining One

Shops:
D:10 *   D:11 (

Annotations:
D:4 3 runed translucent doors, anet's ghost, novice GnHu
D:10 exclusion: upstairs
D:11 Erica; Erolcha
Lair:1 3 runed translucent doors, Zaennulo's ghost, journeyman DsWz

.## #.........
.# ##..........
## #)..........
##..........
#...........
#...........
#...........
##...........
#.##t@.......
###..........
.....#.)....#
.....####..###.
..... .## .....
## .... ...


You could see a crocodile.


Message History

Found a quarterstaff.
You are starving!
The frozen ramparts melt away.
The sentinel's mark upon you fades away.
A crocodile comes into view.
The crocodile misses you.
You slash the crocodile!
The crocodile is moderately wounded.
The crocodile bites you!
* * * LOW HITPOINT WARNING * * *
You completely miss the crocodile.
The crocodile is moderately wounded.
The crocodile misses you.
You closely miss the crocodile.
The crocodile is moderately wounded.
Your shadow barely misses the crocodile.
The crocodile bites you!
* * * LOW HITPOINT WARNING * * *
You don't have the energy to cast that spell.
You eat one of the 12 rations {@e1}.
That ration really hit the spot!
The crocodile misses you.
Casting: Hailstorm (dangerous; 7% risk of failure)
Confirm with . or Enter, or press ? or * to list all spells.
Aiming: Freeze (safe; 1% risk of failure)
Press: ? - help, Shift-Dir - straight line, f - crocodile
Aim: a crocodile (moderately wounded, umbra)
You freeze the crocodile.
The crocodile is heavily wounded.
The crocodile bites you!
You die...

Skill      XL: |  1  2  3  4  5  6  7  8  9 10 11 12 |
---------------+-------------------------------------+-----
Fighting       | 1 2 3 4 5 7 9 10 | 10.7
Ice Magic      | 5 6 7 8 9 |  9.0
Spellcasting   | 3 4 5 |  5.0
Polearms       | 6 10 12 | 12.8
Dodging        | 3 6 |  6.0
Summonings     | 1 5 6 |  6.0
Stealth        | 9 10 | 10.3
Conjurations   | 5 6 |  6.0
Invocations    | 3 |  3.1

Action                   |  1- 3 |  4- 6 |  7- 9 | 10-12 || total
-------------------------+-------+-------+-------+-------++-------
Melee: Unarmed           |    19 |       |       |       ||    19
       Dagger            |    43 |   130 |    47 |       ||   220
       War axe           |       |       |   274 |       ||   274
       Trident           |       |       |   308 |    83 ||   391
       Spear             |       |       |       |   236 ||   236
       Halberd           |       |       |       |   218 ||   218
 Cast: Freeze            |    34 |    32 |    13 |    43 ||   122
       Frozen Ramparts   |       |     4 |     8 |    10 ||    22
       Ozocubu's Armour  |       |     1 |       |       ||     1
       Summon Ice Beast  |       |       |     2 |     7 ||     9
       Hailstorm         |       |       |       |     4 ||     4
Evoke: Wand              |       |       |     3 |     7 ||    10
  Use: Scroll            |       |     5 |     2 |    16 ||    23
       Potion            |       |       |     4 |     1 ||     5
 Stab: Sleeping          |     8 |     1 |    11 |    13 ||    33
       Distracted        |     1 |     1 |     1 |     2 ||     5
       Paralysed         |       |       |     2 |       ||     2
  Eat: Chunk             |     3 |     7 |    10 |    22 ||    42
       Ration            |       |     1 |     5 |     3 ||     9
Armor: Robe              |    22 |    27 |    17 |    51 ||   117
       Skin              |       |       |    23 |       ||    23
       Chain mail        |       |       |   326 |       ||   326
Dodge: Dodged            |    68 |   102 |   197 |   290 ||   657
       Repelled          |       |     4 |     3 |     2 ||     9
Block: Other             |       |       |     6 |    11 ||    17

Levels and vault maps discovered:
D:1:      scummos_arrival_checkerplants, layout_loops_ring
D:2:      layout_loops_ring, uniq_natasha
D:3:      layout_rooms, gup_sewer_entry_glass, roderic_roman_lattice
D:4:      layout_loops_ring, nicolae_ossuary_entry_catacombs,
          gammafunk_ghost_split, minmay_manual_mullet, uniq_blork_the_orc
D:5:      layout_basic, zin_angel, first_ration, uniq_edmund
D:6:      layout_loops_corners, minmay_temple_entry_statues_fountains,
          uniq_crazy_yiuf_cottage
D:7:      layout_basic, grunt_temple_overflow_open, st_stairs_12,
          nicolae_ru_great_annihilating_truth
D:8:      layout_basic, uniq_prince_ribbit1
D:9:      layout_roguey, amethyst_overflow_temple_binary
D:10:     layout_irregular_city, blue_anna_alchemist [blue_anna_fruit_fields,
          blue_anna_fruit_fields], nicolae_blasting_shop
D:11:     layout_irregular_city, due_lair_maze_entry_diamond, serial_undead,
          serial_undead_e, serial_undead_d, serial_undead_f, serial_undead_c,
          serial_shops, nicolae_shop_waterfront, uniq_erolcha, uniq_erica,
          uniq_grum
Temple:   nicolae_temple_elliptical
Lair:1:   layout_layer_cave, ebering_ghost_rock_garden, serial_bayou_shore_b
Lair:2:   layout_cave_pods, ebering_ghost_inner_flame

Notes
Turn   | Place    | Note
-------+----------+-------------------------------------------
     0 | D:1      | exofluke the Merfolk Ice Elementalist began the quest for
                  | the Orb.
     0 | D:1      | Reached XP level 1. HP: 13/13 MP: 3/3
   295 | D:1      | Reached XP level 2. HP: 16/20 MP: 0/5
   575 | D:1      | Reached skill level 1 in Fighting
   778 | D:1      | Reached skill level 5 in Ice Magic
   778 | D:1      | Reached XP level 3. HP: 12/26 MP: 1/6
  1499 | D:2      | Learned a level 3 spell: Ozocubu's Armour
  1666 | D:2      | Reached XP level 4. HP: 32/32 MP: 7/7
  1909 | D:2      | Noticed Natasha
  1916 | D:2      | Killed Natasha
  1916 | D:2      | Reached skill level 2 in Fighting
  2762 | D:2      | Noticed Natasha
  2774 | D:2      | Killed Natasha
  2774 | D:2      | Reached XP level 5. HP: 27/38 MP: 2/9
  2932 | D:2      | Noticed Natasha
  2936 | D:2      | Killed Natasha
  2936 | D:2      | Reached skill level 3 in Spellcasting
  2936 | D:2      | Reached skill level 6 in Ice Magic
  3583 | D:3      | Noticed an orc warrior
  3617 | D:3      | Found a glowing drain.
  3653 | Sewer    | Entered a sewer
  4172 | Sewer    | Learned a level 3 spell: Frozen Ramparts
  4208 | Sewer    | Noticed Purgy
  4224 | Sewer    | Killed Purgy
  4224 | Sewer    | Reached skill level 3 in Fighting
  4224 | Sewer    | Reached XP level 6. HP: 17/47 MP: 1/11
  4488 | D:3      | Killed an orc warrior
  4710 | D:3      | Reached skill level 7 in Ice Magic
  4791 | D:3      | Reached XP level 7. HP: 37/52 MP: 9/12
  5325 | D:4      | Reached skill level 4 in Fighting
  5325 | D:4      | Reached skill level 4 in Spellcasting
  5337 | D:4      | Noticed Blork the orc
  5357 | D:4      | Killed Blork the orc
  5624 | D:4      | Got a crude chain mail
  5637 | D:4      | Found a sand-covered staircase.
  5642 | Ossuary  | Entered an ossuary
  5972 | Ossuary  | Reached skill level 8 in Ice Magic
  6133 | Ossuary  | Reached XP level 8. HP: 45/61 MP: 14/14
  7105 | D:4      | Found a runed translucent gate.
  7105 | D:4      | Found a runed translucent gate.
  7105 | D:4      | Found a runed translucent gate.
  7106 | D:4      | Noticed anet's ghost (novice GnHu)
  7526 | D:4      | Reached skill level 5 in Fighting
  7546 | D:4      | Identified the +8 chain mail "Forget-Me-Not" {rN+ rCorr
                  | Str-2} (You found it on level 4 of the Dungeon)
  7651 | D:5      | Entered Level 5 of the Dungeon
  7723 | D:5      | Noticed Edmund
  7756 | D:4      | HP: 6/62 [poisoned by a scorpion]
  7763 | D:4      | HP: 4/62 [poisoned by a scorpion]
  7770 | D:4      | HP: 4/62 [poisoned by a scorpion]
  7778 | D:4      | HP: 3/62 [poisoned by a scorpion]
  8097 | D:5      | HP: 4/62 [Edmund/+2 flail of holy wrath (6)]
  8102 | D:5      | Killed Edmund
  8102 | D:5      | Reached skill level 9 in Ice Magic
  8480 | D:5      | Reached skill level 2 in Polearms
  8535 | D:5      | Reached skill level 4 in Polearms
  8669 | D:5      | Reached skill level 5 in Polearms
  8764 | D:5      | Found a glowing silver altar of Zin.
  8764 | D:5      | Noticed an angel
  9037 | D:6      | Reached skill level 6 in Polearms
  9079 | D:6      | Reached XP level 9. HP: 49/68 MP: 16/16
  9441 | D:6      | Found a staircase to the Ecumenical Temple.
  9450 | D:6      | Reached skill level 7 in Polearms
  9467 | Temple   | Entered the Ecumenical Temple
  9614 | Temple   | Became a worshipper of Dithmenos the Shadowed
 10539 | D:7      | Reached skill level 8 in Polearms
 10698 | D:7      | Reached skill level 6 in Fighting
 10804 | D:7      | Reached skill level 9 in Polearms
 11170 | D:7      | Found a radiant altar of Vehumet.
 11446 | D:7      | Found a sacrificial altar of Ru.
 11631 | D:7      | Reached skill level 7 in Fighting
 11983 | D:7      | Got a ripped robe
 11997 | D:7      | Identified the cursed +0 robe of Nemelex Xobeh's Pride
                  | {+Inv rPois MR+ SInv} (You found it on level 7 of the
                  | Dungeon)
 12002 | D:7      | Learned a level 4 spell: Summon Ice Beast
 12009 | D:7      | Found a white marble altar of Elyvilon.
 12049 | D:7      | Found an opulent altar of Gozag.
 12252 | D:8      | Reached skill level 5 in Spellcasting
 12603 | D:8      | Reached * piety under Dithmenos
 12605 | D:8      | Reached skill level 3 in Dodging
 12615 | D:8      | Reached skill level 10 in Polearms
 12615 | D:8      | Reached skill level 1 in Summonings
 12935 | D:8      | Noticed Prince Ribbit
 13070 | D:8      | Reached XP level 10. HP: 16/79 MP: 17/17
 13072 | D:8      | Reached skill level 4 in Dodging
 13072 | D:8      | Reached skill level 2 in Summonings
 13651 | D:8      | Killed Prince Ribbit
 14229 | D:8      | Reached skill level 5 in Dodging
 14229 | D:8      | Reached skill level 3 in Summonings
 14503 | D:9      | Reached skill level 8 in Fighting
 14912 | D:9      | Reached skill level 11 in Polearms
 15222 | D:9      | Found a staircase to the Orcish Mines.
 15348 | D:9      | Reached skill level 6 in Dodging
 15361 | D:9      | Reached skill level 4 in Summonings
 15366 | D:9      | Reached ** piety under Dithmenos
 15893 | D:9      | Found a hide-covered altar of Uskayaw.
 15893 | D:9      | Found an ornate altar of the Wu Jian Council.
 15893 | D:9      | Noticed a centaur warrior
 15904 | D:9      | Killed a centaur warrior
 16261 | D:9      | Reached skill level 9 in Fighting
 16403 | D:9      | Reached skill level 12 in Polearms
 16403 | D:9      | Reached skill level 5 in Summonings
 16417 | D:9      | Reached XP level 11. HP: 38/89 MP: 18/18
 16994 | D:10     | Entered Level 10 of the Dungeon
 17181 | D:10     | Noticed an unseen horror
 17197 | D:10     | Killed an unseen horror
 17197 | D:10     | Reached skill level 4 in Stealth
 17288 | D:10     | Reached *** piety under Dithmenos
 17506 | D:10     | Found Oworghyxy's Demolitions Depot.
 18095 | D:10     | Identified a potion of resistance
 18101 | D:10     | Identified 2 scrolls of acquirement
 18104 | D:10     | Identified exofluke's Catalogue of Curses and Cold (You
                  | acquired it on level 10 of the Dungeon)
 18104 | D:10     | Identified the amulet of Ashenzari's Esteem {Gourm rPois}
                  | (You acquired it on level 10 of the Dungeon)
 18105 | D:10     | Identified the ring of the Will of the Gods {*Contam +Fly
                  | rElec rN+ Dex+3} (You acquired it on level 10 of the
                  | Dungeon)
 18175 | D:10     | Bought a manual of Conjurations for 1324 gold pieces
 18183 | D:10     | Learned a level 4 spell: Hailstorm
 18318 | D:11     | Reached skill level 6 in Summonings
 18349 | D:11     | Reached skill level 5 in Stealth
 18349 | D:11     | Reached skill level 1 in Conjurations
 18714 | D:11     | Reached skill level 2 in Conjurations
 18748 | D:11     | Found Noeschu's Antique Weapon Shop.
 18775 | D:11     | Reached skill level 6 in Stealth
 18962 | D:11     | Noticed Grum
 18978 | D:11     | Killed Grum
 19163 | D:11     | Noticed Erolcha
 19220 | D:11     | Reached skill level 3 in Conjurations
 19221 | D:11     | Reached skill level 10 in Fighting
 19224 | D:11     | Reached skill level 7 in Stealth
 19467 | D:11     | Reached skill level 4 in Conjurations
 19474 | D:11     | Found a staircase to the Lair.
 19508 | D:11     | Noticed Erica
 19529 | D:11     | Reached skill level 8 in Stealth
 19569 | Lair:1   | Entered Level 1 of the Lair of Beasts
 19750 | Lair:1   | Noticed a four-headed hydra
 19759 | Lair:1   | Killed a four-headed hydra
 19759 | Lair:1   | Reached skill level 9 in Stealth
 19759 | Lair:1   | Reached skill level 5 in Conjurations
 19779 | Lair:1   | Reached **** piety under Dithmenos
 19793 | Lair:1   | Reached XP level 12. HP: 37/98 MP: 19/19
 20035 | Lair:1   | Noticed an eight-headed hydra
 20045 | Lair:1   | Killed an eight-headed hydra
 20045 | Lair:1   | Reached skill level 10 in Stealth
 20045 | Lair:1   | Reached skill level 6 in Conjurations
 20247 | Lair:1   | Reached skill level 1 in Invocations
 20422 | Lair:1   | Found a runed translucent gate.
 20422 | Lair:1   | Found a runed translucent gate.
 20422 | Lair:1   | Found a runed translucent gate.
 20423 | Lair:1   | Noticed Zaennulo's ghost (journeyman DsWz)
 20448 | Lair:1   | Reached skill level 2 in Invocations
 21417 | Lair:2   | HP: 5/99 [blink frog (12)]
 21419 | Lair:2   | Reached skill level 3 in Invocations
 21436 | Lair:2   | Slain by a crocodile

Vanquished Creatures
  2 hydras (Lair:1)
  An unseen horror (D:10)
  A centaur skeleton (D:11)
  3 centaur zombies
  A spiny frog (Lair:1)
  2 komodo dragons
  A troll (D:9)
  2 blink frogs (Lair:2)
  2 hippogriffs
  Prince Ribbit (D:8)
  22 yaks
  A basilisk (Lair:2)
  A hungry ghost (D:9)
  Grum (D:11)
  Edmund (D:5)
  4 porcupines
  A water moccasin (D:9)
  Purgy (Sewer)
  2 orc warriors
  A black bear (D:11)
  3 ice beasts
  2 sky beasts
  3 phantoms
  3 wolves
  2 necrophages (D:11)
  3 ogres
  6 centaurs
  Blork the orc (D:4)
  2 big kobolds
  7 bullfrogs
  2 gnoll sergeants
  An elf skeleton (D:4)
  6 scorpions
  3 killer bees (D:7)
  2 wights (D:11)
  A howler monkey (D:5)
  3 crimson imps
  4 hounds
  4 bullfrog zombies
  4 jellies
  7 orc priests
  2 bullfrog skeletons
  9 orc wizards
  A human skeleton (D:4)
  A human zombie (D:4)
  3 iguanas
  Natasha (thrice) (D:2)
  9 worker ants
  2 killer bee zombies
  2 hound zombies
  2 hound skeletons
  13 mummies (Ossuary)
  3 worker ant zombies
  2 howler monkey zombies
  10 adders
  10 gnolls
  3 shadow imps
  An adder skeleton (D:4)
  3 worms
  4 dart slugs
  8 leopard geckos
  21 orcs
  8 bats
  11 giant cockroaches
  8 goblins
  8 hobgoblins
  14 jackals
  10 quokkas
  2 ball pythons (D:1)
  7 frilled lizards
  6 gnoll skeletons (Ossuary)
  A jackal skeleton (D:7)
  12 kobolds
  A kobold skeleton (Ossuary)
  3 orc skeletons
  An orc zombie (D:4)
  A quokka zombie (D:8)
  8 rats
  11 rat skeletons (Ossuary)
344 creatures vanquished.

Vanquished Creatures (collateral kills)
  A centaur warrior (D:9)
  A yak (D:11)
  A hungry ghost (D:8)
  A centaur (D:11)
  A wight (D:11)
  An adder (D:9)
6 creatures vanquished.

Vanquished Creatures (others)
  21 fungi
  A plant (D:11)
22 creatures vanquished.

Grand Total: 372 creatures vanquished

Table legend:
 A = Turns spent in this place as a percentage of turns spent in the entire game.
 B = Non-inter-level travel turns spent in this place as a percentage of non-inter-level travel turns spent in the entire game.
 C = Inter-level travel turns spent in this place as a percentage of turns spent in this place.
 D = Turns resting spent in this place as a percentage of non-inter-level travel turns spent in this place.
 E = Turns spent auto-exploring this place as a percentage of non-inter-level travel turns spent in this place.
 F = Non-inter-level travel turns spent in this place divided by the number of levels of this place that you've seen.
                   A       B       C       D       E      F
               +-------+-------+-------+-------+-------+----------------------
         Total | 100.0 | 100.0 |   1.7 |  19.6 |  61.8 | 1316.6
       Dungeon |  82.4 |  82.4 |   1.8 |  20.4 |  60.1 | 1577.4
        Temple |   0.9 |   0.8 |  12.1 |   0.0 |  84.6 | 175.0
          Lair |   8.7 |   8.7 |   1.6 |   9.5 |  78.2 | 919.0
         Sewer |   3.8 |   3.9 |   0.0 |  49.9 |  41.4 | 817.0
       Ossuary |   4.1 |   4.2 |   0.0 |   0.0 |  74.1 | 884.0
               +-------+-------+-------+-------+-------+----------------------

Table legend:
 A = Non-vault XP
 B = Vault XP
 C = Vault XP percentage of total XP
 D = Non-vault monster count
 E = Vault monster count
 F = Vault count percentage of total count
                 A         B        C        D         E       F
            +---------+---------+-------+---------+---------+-------
      Total |   17761 |    3931 |  18.1 |     274 |      76 |  21.7
            +---------+---------+-------+---------+---------+-------
        D:1 |      69 |       0 |   0.0 |      32 |       0 |   0.0
        D:2 |     131 |      36 |  21.6 |      23 |       1 |   4.2
        D:3 |     382 |      13 |   3.3 |      29 |       1 |   3.3
        D:4 |     302 |     310 |  50.7 |      11 |      10 |  47.6
        D:5 |     454 |     162 |  26.3 |      14 |       1 |   6.7
        D:6 |     404 |       0 |   0.0 |      22 |       0 |   0.0
        D:7 |    1230 |      58 |   4.5 |      19 |       4 |  17.4
        D:8 |    1697 |     255 |  13.1 |      30 |       1 |   3.2
        D:9 |    4891 |       0 |   0.0 |      43 |       0 |   0.0
       D:10 |    1235 |     100 |   7.5 |      16 |       1 |   5.9
       D:11 |    1408 |    2597 |  64.8 |      15 |      19 |  55.9
     Lair:1 |    4712 |       0 |   0.0 |      15 |       0 |   0.0
     Lair:2 |     846 |       0 |   0.0 |       5 |       0 |   0.0
      Sewer |       0 |     142 | 100.0 |       0 |       6 | 100.0
    Ossuary |       0 |     258 | 100.0 |       0 |      32 | 100.0
            +---------+---------+-------+---------+---------+-------
